 Dungeon Crawl Stone Soup version 0.30.1 (webtiles) character file.

Game seed: 2610565834045069441

485 Heoruswealwe the Magician (level 6, -1/48 HPs)
             Began as a Deep Elf Conjurer on July 12, 2023.
             Was an Initiate of Vehumet.
             Slain by a water moccasin (6 damage)
             ... on level 5 of the Dungeon.
             The game lasted 00:39:17 (3214 turns).

Heoruswealwe the Magician (Deep Elf Conjurer)       Turns: 3214, Time: 00:39:17

Health: -1/48      AC:  7    Str:  4    XL:     6   Next: 88%
Magic:  1/18       EV: 13    Int: 25    God:    Vehumet [......]
Gold:   205        SH:  0    Dex: 19    Spells: 4/19 levels left

rFire   . . .        b - +0 war axe
rCold   . . .        (no shield)
rNeg    . . .        c - +0 robe
rPois   .            g - +2 helmet
rElec   .            h - +0 cloak
rCorr   .            (no gloves)
SInv    .            e - +0 pair of boots
Will    .....        (no amulet) Stlth
                     k - +6 ring of dexterity
HPRegen 0.28/turn    (no ring)
MPRegen 0.16/turn

%: no passive effects
@: berserking (expiring), very quick
A: no striking features
a: Renounce Religion


You were on level 5 of the Dungeon.
You worshipped Vehumet.
Vehumet was noncommittal.
You visited 2 branches of the dungeon, and saw 6 of its levels.

You collected 205 gold pieces.

Inventory:

Hand Weapons
 b - a +0 war axe (weapon)
Armour
 c - a +0 robe (worn)
 e - a +0 pair of boots (worn)
 g - a +2 helmet (worn)
 h - a +0 cloak (worn)
Jewellery
 k - a +6 ring of dexterity (left hand)
Wands
 j - a wand of charming (14)
Scrolls
 a - 3 scrolls of magic mapping {unknown}
 d - 2 scrolls of noise {unknown}
 i - 3 scrolls of identify {unknown}
 l - a scroll of enchant weapon {unknown}
 m - 3 scrolls of teleportation {unknown}
 n - 2 scrolls of vulnerability {unknown}
 o - 2 scrolls of poison {unknown}
 u - 3 scrolls of summoning {unknown}
 v - a scroll of enchant armour {unknown}
Potions
 f - a potion of heal wounds {unknown}
 p - a potion of berserk rage
 q - 2 potions of curing {unknown}
 r - a potion of cancellation {unknown}
 s - a potion of attraction {unknown}
 t - a potion of resistance {unknown}
 w - 2 potions of mutation {unknown}
 x - a potion of degeneration {unknown}


   Skills:
 - Level 2.4 Dodging
 - Level 2.4 Stealth
 + Level 7.3 Spellcasting
 + Level 7.1 Conjurations


You had 4 spell levels left.
You knew the following spells:

 Your Spells              Type           Power      Damage    Failure   Level
a - Magic Dart            Conj           100%       1d8       1%          1
b - Shock                 Conj/Air       100%       1d9       1%          1
c - Searing Ray           Conj           90%        2d7       1%          2
d - Dazzling Flash        Conj/Hex       54%        N/A       4%          3
e - Fulminant Prism       Conj/Hex       13%        3d9       14%         4
f - Iskenderun's Mystic   Conj/Tloc      27%        2d7       14%         4

Your spell library contained the following spells:

 Spells                   Type           Power      Damage    Failure   Level
 Scorch                   Fire           18%        2d5       10%         2
 Flame Wave               Conj/Fire      27%        2d9       14%         4
 Swiftness                Air            9%         N/A       19%         3
 Airstrike                Air            4%         2d(1-17)  54%         4
 Agony                    Necr           9%         N/A       87%         5
 Silence                  Hex/Air        4%         N/A       87%         5
 Summon Cactus Giant      Summ           4%         N/A       100%        6


Dungeon Overview and Level Annotations

Branches:
Dungeon (5/15)             Temple (1/1) D:4

Altars:
Ashenzari
Dithmenos
Elyvilon
Fedhas
Hepliaklqana
Kikubaaqudgha
Nemelex Xobeh
Okawaru
Qazlal
Ru
Sif Muna
Uskayaw
Vehumet
Wu Jian
Yredelemnul
Zin
The Shining One


Message History

The water moccasin completely misses you.
You miss the water moccasin.
The water moccasin is severely wounded.
You feel sick.
The water moccasin completely misses you.
The water moccasin bites you but does no damage.
You hit the water moccasin.
The water moccasin is severely wounded.
You feel very sick.
The water moccasin bites you but does no damage.
You closely miss the water moccasin.
The water moccasin is severely wounded.
You feel sick. The water moccasin barely misses you.
You miss the water moccasin.
The water moccasin is severely wounded.
You feel sick.
The water moccasin bites you but does no damage.
The water moccasin closely misses you.
You barely miss the water moccasin.
The water moccasin is severely wounded.
You feel sick.
The water moccasin bites you but does no damage.
You miss the water moccasin.
The water moccasin is severely wounded.
You feel sick.
The water moccasin bites you but does no damage. x2
You closely miss the water moccasin.
The water moccasin is severely wounded.
You feel sick. The water moccasin bites you.
* * * LOW HITPOINT WARNING * * *
You barely miss the water moccasin.
The water moccasin is severely wounded.
You feel sick.
The water moccasin bites you but does no damage.
You closely miss the water moccasin.
The water moccasin is severely wounded.
You feel sick.
You are no longer poisoned.
The water moccasin bites you.
You die...

#.#.#. # ## #.#.#.
#.#. #.#.#.
#.#.###.#.#.
##.......#.#.
.........#.#.
...........#.
######### #.......
#@S.......#.#.....
#.#######.#.#.####
#.# #.............
#.# #.###.#.#.####
#.# #.# #........#
#.###.# #...#)##.#
#.....###.....# #
#.............#
#.#########...#


You could see a water moccasin.

Vanquished Creatures
  Eustachio (D:5)
  A bullfrog (D:4)
  2 jellies
  Crazy Yiuf (D:2)
  An iguana (D:5)
  Terence (D:2)
  4 adders
  4 gnolls (D:4)
  2 worms (D:4)
  A dart slug (D:4)
  4 orcs (D:3)
  2 endoplasms (D:3)
  3 giant cockroaches
  12 goblins
  7 hobgoblins
  A jackal (D:2)
  4 kobolds
  3 quokkas
  4 ball pythons
  3 bats
  5 frilled lizards
  2 rats
68 creatures vanquished.

Notes
Turn   | Place    | Note
-------+----------+-------------------------------------------
     0 | D:1      | Heoruswealwe the Deep Elf Conjurer began the quest for the
                  | Orb.
     0 | D:1      | Reached XP level 1. HP: 10/10 MP: 6/6
   344 | D:1      | Reached XP level 2. HP: 15/15 MP: 4/8
   347 | D:1      | Learned a level 2 spell: Searing Ray
   783 | D:2      | Reached skill level 5 in Conjurations
   783 | D:2      | Reached XP level 3. HP: 19/19 MP: 8/10
   915 | D:2      | Learned a level 3 spell: Dazzling Flash
  1186 | D:2      | Noticed Terence
  1192 | D:2      | Killed Terence
  1193 | D:2      | Reached XP level 4. HP: 24/24 MP: 3/12
  1198 | D:2      | Learned a level 4 spell: Fulminant Prism
  1296 | D:1      | You fall into a shaft and drop 1 floor!
  1452 | D:2      | Found a runed translucent door.
  1453 | D:2      | Noticed Crazy Yiuf
  1459 | D:2      | Killed Crazy Yiuf
  1460 | D:2      | Reached skill level 5 in Spellcasting
  1587 | D:2      | Learned a level 1 spell: Shock
  2333 | D:4      | Reached XP level 5. HP: 28/28 MP: 9/14
  2347 | D:4      | Found a hide-covered altar of Uskayaw.
  2552 | D:4      | Learned a level 4 spell: Iskenderun's Mystic Blast
  2561 | D:4      | Found a staircase to the Ecumenical Temple.
  2587 | Temple   | Entered the Ecumenical Temple
  2795 | Temple   | Became a worshipper of Vehumet
  2817 | D:4      | Reached XP level 6. HP: 32/32 MP: 11/17
  2917 | D:3      | You fall into a shaft and drop 1 floor!
  3064 | D:5      | Entered Level 5 of the Dungeon
  3064 | D:5      | Noticed Eustachio
  3173 | D:5      | Killed Eustachio
  3195 | D:5      | Noticed a water moccasin
  3214 | D:5      | Slain by a water moccasin

Illustrated notes

Levels and vault maps discovered:
D:1:      psy_arrival_statuary, layout_basic, minmay_misc_feat_secret_circle
D:2:      layout_basic, minmay_nonomino_d4, uniq_crazy_yiuf_cottage,
          uniq_terence
D:3:      layout_loops_ring
D:4:      layout_rooms, nicolae_uskayaw_suspiria, minmay_temple_entry_glass
D:5:      layout_basic, led_xom_imps, serial_demonic, serial_demonic_a,
          serial_demonic_f, serial_demonic_d, serial_demonic_b,
          grunt_ministairs_13, uniq_edmund, uniq_eustachio, uniq_duvessa
Temple:   eino_temple_rhombus

Skill      XL: |  1  2  3  4  5  6 |
---------------+-------------------+-----
Spellcasting   | 4 5 6 7 |  7.3
Conjurations   | 5 6 7 |  7.1
Dodging        | |  2.4
Stealth        | |  2.4

Action                     |  1- 3 |  4- 6 || total
---------------------------+-------+-------++-------
  Melee: Unarmed           |     1 |     5 ||     6
         War axe           |       |    10 ||    10
   Cast: Magic Dart        |    55 |    91 ||   146
         Searing Ray       |     1 |     8 ||     9
         Iskenderun's Myst |       |     1 ||     1
    Use: Potion            |     1 |     1 ||     2
 Armour: Robe              |       |    11 ||    11
  Dodge: Dodged            |     5 |    12 ||    17
